 Dungeon Sprint DCSS version 0.20.1-1-g8b1a95d (webtiles) character file.

1244 mmigdal the Grappler (level 8, -2/89 HPs)
             Began as a Troll Berserker on Oct 28, 2017.
             Was a Priest of Trog.
             Slain by Sonja
             ... wielding a +2 short sword of draining
              (5 damage)
             ... in the Dungeon (Sprint I: "Red Sonja").
             The game lasted 00:06:01 (420 turns).

mmigdal the Grappler (Troll Berserker)               Turns: 420, Time: 00:06:01

Health: -2/89      AC:  5    Str: 28    XL:     8   Next: 25%
Magic:  7/7        EV:  9    Int:  3    God:    Trog [***...]
Gold:   418        SH:  0    Dex:  9    Spells: 7/7 levels left

rFire    . . .     SeeInvis .   (no weapon)
rCold    . . .     Gourm    +   (no shield)
rNeg     . . .     Faith    .   a - +0 animal skin
rPois    .         Spirit   .   (helmet restricted)
rElec    .         Reflect  .   (no cloak)
rCorr    .         Harm     .   (gloves unavailable)
MR       .....     NoTele   +   (boots unavailable)
Stlth    +.........             (no amulet)
Regen    0.7/turn               (no ring)
MPRegen  0.1/turn               (no ring)

@: berserk cooldown, slowed, extremely drained, very slow
A: unfitting armour, claws 3, fast metabolism 3, gourmand, regeneration 1,
shaggy fur 1, tough skin 2
a: Berserk, Trog's Hand, Burn Spellbooks, Renounce Religion


You were in the Dungeon.
You worshipped Trog.
Trog was most pleased with you.
You were near starving.

You visited 1 branch You collected 418 gold pieces.

Inventory:

Armour
 a - a +0 animal skin (worn)
Scrolls
 h - a scroll of blinking
 j - a scroll of identify {unknown}
Potions
 e - a potion of haste
 f - 2 potions of magic
 g - a potion of berserk rage
 i - a potion of agility {unknown}
Comestibles
 b - 2 bread rations


   Skills:
 + Level 8.7(0.0) Fighting
 + Level 8.7(0.0) Dodging
 + Level 12.0(0.0) Unarmed Combat


You had 7 spell levels left.
You didn't know any spells.

Dungeon Overview and Level Annotations

Branches:
Dungeon (1/1)

Altars:
Cheibriados
Dithmenos
Elyvilon
Fedhas
Gozag
Hepliaklqana
Kikubaaqudgha
Makhleb
Nemelex Xobeh
Okawaru
Qazlal
Ru
Sif Muna
Trog
Uskayaw
Vehumet
Xom
Yredelemnul
Zin
The Shining One
Jiyva
Lugonu

Shops:
D %

Annotations:
D Sonja


Innate Abilities, Weirdness & Mutations

You are too large for most types of armour.
You have claws for hands.
Your metabolism is lightning-fast.
You like to eat raw meat.
Your natural rate of healing is unusually fast.
You are covered in fur. (AC +1)
You have very tough skin. (AC +2)


Message History

* * * LOW HITPOINT WARNING * * *
You feel drained.
* * * LOW HITPOINT WARNING * * *
You miss Sonja.
Sonja is heavily wounded.
Sonja hits you with an uncursed short sword of draining.
* * * LOW HITPOINT WARNING * * *
You feel drained.
* * * LOW HITPOINT WARNING * * *
Sonja hits you with an uncursed short sword of draining.
* * * LOW HITPOINT WARNING * * *
You feel drained.
Sonja hits you with an uncursed short sword of draining.
* * * LOW HITPOINT WARNING * * *
You feel drained. Sonja hits you but does no damage.
You feel drained.
Sonja hits you with an uncursed short sword of draining.
* * * LOW HITPOINT WARNING * * *
You feel drained.
Sonja hits you with an uncursed short sword of draining.
You die...

##########################
#<.#..').#.)'..#__#..)...#
#..'[.#..'..#..'^.'..#...#
#..#####'#####'#__####...+
#..####..#...#(#### ####
#..#__####..##.#
#..#_____##(#..+
#⌠⌠#_.∩...'@(._#
####_..__##K(#'#
#_____###(#.# #######
#.### $.$ #$.$# ##.## #+#


You could see Sonja.

Vanquished Creatures
  2 kobold demonologists (D)
  A slime creature (D)
  Sigmund (D)
  A yak (D)
  A floating eye (D)
  An ogre (D)
  A jelly (D)
  Ijyb (D)
9 creatures vanquished.

Vanquished Creatures (others)
  A gargoyle (D)
1 creature vanquished.

Grand Total: 10 creatures vanquished

Notes
Turn   | Place    | Note
-------+----------+-------------------------------------------
     0 | D        | mmigdal the Troll Berserker began the quest for the Orb.
     0 | D        | Reached XP level 1. HP: 22/22 MP: 0/0
     2 | D        | Noticed Ijyb
     8 | D        | Killed Ijyb
     8 | D        | Reached skill level 4 in Unarmed Combat
     8 | D        | Reached XP level 2. HP: 31/32 MP: 1/1
    15 | D        | Noticed an ogre
    18 | D        | Killed an ogre
    18 | D        | Reached skill level 5 in Fighting
    18 | D        | Reached skill level 6 in Unarmed Combat
    18 | D        | Reached XP level 3. HP: 32/42 MP: 2/2
    18 | D        | Reached XP level 4. HP: 39/50 MP: 3/3
    64 | D        | Noticed Sigmund
    72 | D        | Killed Sigmund
    72 | D        | Reached ** piety under Trog
    72 | D        | Reached skill level 8 in Unarmed Combat
    72 | D        | Reached XP level 5. HP: 44/61 MP: 4/4
    72 | D        | Reached XP level 6. HP: 50/68 MP: 5/5
    87 | D        | Found a burning altar of Makhleb.
    87 | D        | Found a viscous altar of Jiyva.
    87 | D        | Found a shimmering altar of Xom.
    87 | D        | Found a corrupted altar of Lugonu.
    87 | D        | Noticed a slime creature
    97 | D        | Killed a slime creature
    97 | D        | Reached skill level 9 in Unarmed Combat
   213 | D        | Found a deep blue altar of Sif Muna.
   216 | D        | Found a radiant altar of Vehumet.
   254 | D        | Found Omaf's Food Emporium.
   254 | D        | Found an ancient bone altar of Kikubaaqudgha.
   254 | D        | Found a hazy altar of Hepliaklqana.
   254 | D        | Found a stormy altar of Qazlal.
   254 | D        | Found a hide-covered altar of Uskayaw.
   254 | D        | Found a blossoming altar of Fedhas.
   254 | D        | Found a bloodstained altar of Trog.
   254 | D        | Found an iron altar of Okawaru.
   254 | D        | Found a basalt altar of Yredelemnul.
   254 | D        | Found a glowing golden altar of the Shining One.
   254 | D        | Found a snail-covered altar of Cheibriados.
   254 | D        | Found a sacrificial altar of Ru.
   254 | D        | Found a glowing silver altar of Zin.
   254 | D        | Found a shadowy altar of Dithmenos.
   254 | D        | Found a white marble altar of Elyvilon.
   254 | D        | Noticed a yak
   261 | D        | Killed a yak
   261 | D        | Reached *** piety under Trog
   261 | D        | Reached skill level 10 in Unarmed Combat
   261 | D        | Reached XP level 7. HP: 49/79 MP: 6/6
   263 | D        | Found an opulent altar of Gozag.
   264 | D        | Found a sparkling altar of Nemelex Xobeh.
   309 | D        | Noticed a kobold demonologist
   310 | D        | Noticed a kobold demonologist
   310 | D        | Paralysed by a floating eye for 3 turns
   316 | D        | Noticed a ynoxinul
   323 | D        | Killed a kobold demonologist
   323 | D        | Reached skill level 11 in Unarmed Combat
   325 | D        | Noticed a neqoxec
   328 | D        | Killed a kobold demonologist
   328 | D        | Reached **** piety under Trog
   328 | D        | Reached skill level 12 in Unarmed Combat
   328 | D        | Reached XP level 8. HP: 89/89 MP: 7/7
   354 | D        | Killed a gargoyle
   385 | D        | Noticed Sonja
   420 | D        | HP: 4/89 [Sonja/uncursed short sword of draining (2)]
   420 | D        | Slain by Sonja

Skill      XL: |  1  2  3  4  5  6  7 |
---------------+----------------------+-----
Fighting       | 3 5 6 7 8 |  8.7
Dodging        | 3 4 6 7 8 |  8.7
Unarmed Combat | 4 6 8 10 12 | 12.0

Action                   |  1- 3 |  4- 6 |  7- 9 || total
-------------------------+-------+-------+-------++-------
Melee: Unarmed           |     7 |    23 |    26 ||    56
Invok: Berserk           |     1 |     1 |     2 ||     4
       Trog's Hand       |       |       |     1 ||     1
       Brothers in Arms  |       |       |     1 ||     1
  Use: Potion            |       |       |     2 ||     2
  Eat: Chunk             |       |     4 |       ||     4
Armor: Animal skin       |       |     1 |    16 ||    17
Dodge: Dodged            |     3 |     6 |    30 ||    39
